 Dungeon Crawl Stone Soup version 0.26-a0-712-ga5a9c9c9d0 (webtiles) character file.

Game seed: 15834290783985435958

5239 Arthanis the Cleaver (level 10, -3/67 HPs)
             Began as a Gargoyle Berserker on Nov 2, 2020.
             Was an Elder of Trog.
             Killed from afar by Harold (15 damage)
             ... with a harpoon shot
             ... on level 8 of the Dungeon.
             The game lasted 00:08:41 (7659 turns).

Arthanis the Cleaver (Gargoyle Berserker)           Turns: 7659, Time: 00:08:42

Health: -3/67      AC: 13    Str: 21    XL:     10   Next: 61%
Magic:  10/10      EV:  5    Int: 11    God:    Trog [****..]
Gold:   316        SH:  0    Dex: 15    Spells: 9/9 levels left

rFire    . . .     SeeInvis .   o - +1 hand axe (elec)
rCold    + . .     Faith    .   (no shield)
rNeg     + . .     Spirit   .   K - +1 chain mail {rC+}
rPois    ∞         Reflect  .   J - +2 hat
rElec    +         Harm     .   (no cloak)
rCorr    .         Rampage  .   (no gloves)
MR       ++...                  D - +0 pair of boots
Stlth    ..........             (no amulet)
HPRegen  1.21/turn              g - +6 ring of dexterity
MPRegen  0.12/turn              (no ring)

@: corroded, held, regenerating
A: negative energy resistance 1, electricity resistance, unbreathing,
petrification resistance, rot immunity, AC +7
a: Berserk, Trog's Hand, Brothers in Arms, Renounce Religion


You were on level 8 of the Dungeon.
You worshipped Trog.
Trog was greatly pleased with you.
You visited 1 branch of the dungeon, and saw 8 of its levels.

You collected 488 gold pieces.
You spent 172 gold pieces at shops.

Inventory:

Hand Weapons
 a - a +0 hand axe
 i - a +0 trident
 m - a +1 war axe of flaming
 o - a +1 hand axe of electrocution (weapon)
 v - a +1 mace of protection
 E - the +8 lance "Wyrmbane" {slay drac, rPois rF+ rC+ AC+3}
   (You found it on level 6 of the Dungeon)

   It affects your AC (+3).
   It protects you from fire.
   It protects you from cold.
   It protects you from poison.
Armour
 b - a +0 animal skin
 r - a +0 scale mail
 C - a +0 chain mail
 D - a +0 pair of boots (worn)
 J - a +2 hat (worn)
 K - a +1 chain mail of cold resistance (worn)
Jewellery
 g - a +6 ring of dexterity (left hand)
 z - an uncursed ring of stealth
Wands
 n - a wand of polymorph (19)
 H - a wand of paralysis (5)
 I - a wand of iceblast (10)
Scrolls
 d - 2 scrolls of random uselessness {unknown}
 e - 5 scrolls of teleportation {unknown}
 f - 12 scrolls of identify {unknown}
 h - 2 scrolls of enchant weapon {unknown}
 q - 4 scrolls of amnesia {unknown}
 s - 5 scrolls of remove curse
 t - 5 scrolls of magic mapping
 u - 2 scrolls of noise
 w - a scroll of enchant armour {unknown}
 x - 2 scrolls of fear {unknown}
 y - 2 scrolls of immolation {unknown}
 F - a scroll of vulnerability {unknown}
 G - a scroll of blinking {unknown}
Potions
 c - 3 potions of haste {unknown}
 j - a potion of berserk rage {unknown}
 k - 2 potions of lignification {unknown}
 l - a potion of heal wounds {unknown}
 p - 4 potions of curing {unknown}
 A - a potion of might
 B - a potion of stabbing {unknown}


   Skills:
 + Level 9.7 Fighting
 * Level 11.1 Axes
 - Level 6.0 Armour
 - Level 2.0 Dodging


You had 9 spell levels left.
You didn't know any spells.
Your spell library contained the following spells:

 Spells                   Type           Power        Failure   Level
 Sandblast                Erth           #.....       96%         1
 Passwall                 Tmut/Erth      #.......     99%         2
 Stone Arrow              Conj/Erth      #.....       100%        3
 Petrify                  Tmut/Erth      #.......     100%        4
 Lee's Rapid Deconstruct  Erth           #.........   100%        5


Dungeon Overview and Level Annotations

Branches:
Dungeon (8/15)             Temple (0/1) D:7
   Lair: D:8-11

Altars:
Ashenzari
Cheibriados
Gozag
Makhleb
Nemelex Xobeh
Qazlal
Ru
Sif Muna
Zin
The Shining One

Shops:
D:4 (?*}   D:7 [

Annotations:
D:7 2 transporters
D:8 4 runed translucent doors, Harold


Innate Abilities, Weirdness & Mutations

You are resistant to torment.
Your stone body is resilient. (AC +7)
You are immune to poison.
You resist negative energy. (rN+)
You are resistant to electric shocks. (rElec)
You can survive without breathing.
You are immune to petrification.
You are immune to rotting.


Message History

You rip the net and break free!
Harold zaps a wand.
The bolt of acid misses you.
Okay, then.
Your two-headed ogre goes berserk!
Harold considers, "I think I'll use your bounty to get a cattle farm..."
Harold hits you from afar with a +0 halberd.
* * * LOW HITPOINT WARNING * * *
Your two-headed ogre barely misses Harold.
Your two-headed ogre hits Harold with a +0 giant club!!!
Harold throws a throwing net.
The throwing net hits you.
You become entangled in the net!
Your two-headed ogre closely misses Harold.
Your two-headed ogre completely misses Harold.
You see here a throwing net.
You tear a large gash into the net.
Your two-headed ogre hits Harold with a +0 giant spiked club!!!
Your two-headed ogre barely misses Harold.
Harold fires a harpoon shot at you. The harpoon shot hits you!
You die...

###
######################.#
....................##.#
######.###########.##.#
#@# #.##.# #.#
#####.##.# #.#
#......... ......@O#
#......... ........#
#......... ........#
#......... ...[....#
##......... .........
........... .......##
##.........


You could see Harold and a friendly two-headed ogre (summoned, berserk).

Vanquished Creatures
  Pikel (D:5)
  A troll (D:8)
  6 yaks (D:7)
  Menkaure (D:4)
  3 orc warriors
  A sky beast (D:7)
  A black bear (D:8)
  3 ogres
  A phantom (D:6)
  4 centaurs
  A lemure (D:5)
  6 bullfrogs
  A scorpion (D:8)
  4 killer bees (D:8)
  12 wights
  2 howler monkeys
  10 orc wizards
  5 orc priests
  3 hounds
  A jelly (D:7)
  2 centaur skeletons
  A bullfrog skeleton (D:8)
  A gnoll shaman (D:4)
  4 iguanas
  7 worker ants
  A hound skeleton (D:7)
  A howler monkey zombie (D:6)
  3 gnolls (D:4)
  12 adders
  A howler monkey skeleton (D:8)
  An ufetubus (D:8)
  An ooze (D:1)
  3 adder skeletons
  4 adder zombies
  3 worms
  4 dart slugs
  3 leopard geckos
  38 orcs
  A ball python (D:4)
  9 bats
  3 giant cockroaches
  8 goblins
  8 hobgoblins
  A jackal (D:7)
  3 quokkas
  3 frilled lizards
  7 kobolds
  A leopard gecko skeleton (D:3)
  A quokka zombie (D:3)
  7 rats
209 creatures vanquished.

Vanquished Creatures (others)
  6 withered plants (D:3)
6 creatures vanquished.

Grand Total: 215 creatures vanquished

Notes
Turn   | Place    | Note
-------+----------+-------------------------------------------
     0 | D:1      | Arthanis the Gargoyle Berserker began the quest for the
                  | Orb.
     0 | D:1      | Reached XP level 1. HP: 14/14 MP: 1/1
   260 | D:1      | Reached XP level 2. HP: 15/19 MP: 2/2
   341 | D:1      | Reached skill level 3 in Axes
  1056 | D:2      | Found a broken altar of Ashenzari.
  1068 | D:2      | Reached XP level 3. HP: 19/23 MP: 3/3
  1412 | D:2      | Reached XP level 4. HP: 27/29 MP: 4/4
  1503 | D:2      | Found a burning altar of Makhleb.
  1572 | D:2      | Found a faded altar of an unknown god.
  1593 | D:2      | Reached ** piety under Trog
  1777 | D:2      | Found a glowing golden altar of the Shining One.
  2067 | D:2      | Found a shimmering blue altar of Sif Muna.
  2627 | D:3      | Reached XP level 5. HP: 29/33 MP: 5/5
  2752 | D:3      | Reached skill level 4 in Axes
  3121 | D:3      | You fall into a shaft and drop 2 floors!
  3121 | D:5      | Entered Level 5 of the Dungeon
  3169 | D:4      | Found Owutiusy's Magic Scroll Boutique.
  3178 | D:4      | Reached XP level 6. HP: 39/39 MP: 6/6
  3379 | D:4      | Noticed Menkaure
  3388 | D:4      | Killed Menkaure
  3388 | D:4      | Reached skill level 5 in Axes
  3388 | D:4      | Reached XP level 7. HP: 44/44 MP: 7/7
  3605 | D:4      | Bought a scroll of remove curse for 39 gold pieces
  3605 | D:4      | Bought a scroll of magic mapping for 45 gold pieces
  3605 | D:4      | Bought a scroll of noise for 13 gold pieces
  3623 | D:4      | Found Esiur's Gadget Shoppe.
  3652 | D:4      | Reached skill level 5 in Fighting
  3656 | D:4      | Reached *** piety under Trog
  3878 | D:4      | Found Atsa's Antique Weapon Shoppe.
  4282 | D:4      | Found a stormy altar of Qazlal.
  4373 | D:4      | Found a sacrificial altar of Ru.
  4391 | D:4      | Found Nuxeis's Assorted Antiques.
  4394 | D:4      | Bought a scroll labeled TAITOFA ZOTHAS for 25 gold pieces
  4394 | D:4      | Bought a scroll labeled VOLELI VIORGHA for 25 gold pieces
  4394 | D:4      | Bought a scroll labeled TESEOH FAFUOCH for 25 gold pieces
  4423 | D:5      | Reached skill level 6 in Axes
  4423 | D:5      | Reached skill level 5 in Armour
  4466 | D:5      | Found a snail-covered altar of Cheibriados.
  4493 | D:5      | Noticed Pikel
  4505 | D:5      | Killed Pikel
  4505 | D:5      | Reached skill level 7 in Axes
  4505 | D:5      | Reached XP level 8. HP: 52/52 MP: 8/8
  4766 | D:5      | Found an opulent altar of Gozag.
  5123 | D:6      | Reached XP level 9. HP: 53/56 MP: 9/9
  5172 | D:6      | Reached skill level 8 in Axes
  5173 | D:6      | Reached **** piety under Trog
  5435 | D:6      | Found the +8 lance "Wyrmbane" {slay drac, rPois rF+ rC+
                  | AC+3}
  5834 | D:7      | Reached skill level 9 in Axes
  6111 | D:7      | Found a staircase to the Ecumenical Temple.
  6155 | D:7      | Found a transporter.
  6155 | D:7      | Noticed a boulder beetle
  6156 | D:7      | Noticed a manticore
  6173 | D:7      | Noticed a two-headed ogre
  6191 | D:7      | Noticed a yaktaur
  6204 | D:7      | Paralysed by an orc priest for 7 turns
  6212 | D:7      | Reached XP level 10. HP: 65/65 MP: 10/10
  6291 | D:7      | Found a transporter.
  6345 | D:7      | Reached skill level 10 in Axes
  6821 | D:7      | Found Plog's Antique Armour Boutique.
  6966 | D:8      | Found a large runed translucent door.
  6967 | D:8      | Found a large runed translucent door.
  7103 | D:8      | Found a glowing silver altar of Zin.
  7225 | D:8      | Found a sparkling altar of Nemelex Xobeh.
  7303 | D:8      | Found a large runed translucent door.
  7303 | D:8      | Found a large runed translucent door.
  7444 | D:8      | Reached skill level 11 in Axes
  7456 | D:8      | Reached ***** piety under Trog
  7650 | D:8      | Noticed Harold
  7659 | D:8      | Killed from afar by Harold

Illustrated notes

Levels and vault maps discovered:
D:1:      roderic_crossed_star, layout_rooms
D:2:      layout_rooms, marbit_many_paths, evilmike_ruin_ashenzari,
          lemuel_blue_sif_altar, overflow_temple_1_default,
          chequers_ecumenical_altar_simple
D:3:      layout_loops_ring, serial_undead, serial_undead_b, serial_undead_c,
          serial_undead_b, serial_undead_c, serial_undead_c, serial_undead_e,
          serial_undead_d, minivault_27
D:4:      minmay_evil_eye, layout_loops_ring, nicolae_ru_the_path_less_chosen,
          serial_shops, kennysheep_mini_moat, nicolae_shop_crystal, shop, shop,
          nicolae_qazlal_general_emergency, uniq_menkaure
D:5:      layout_rooms, cheibriados_altar_1, nicolae_overflow_crystal_walls,
          minmay_misc_feat_nine_boxes, dk_vineyard_3, uniq_pikel
D:6:      layout_basic, minmay_circle_x
D:7:      gammafunk_the_bubble [the_bubble_gammafunk_split], layout_basic,
          lemuel_temple_firewalk_a, serial_shops, shop, minmay_starry_boxes
D:8:      layout_basic, overflow_temple_1_default,
          nemelex_xobeh_ov_fountains_minmay, basic_altar,
          kennysheep_small_spiral, minmay_hollow_rounded_squares, uniq_harold

Skill      XL: |  1  2  3  4  5  6  7  8  9 10 |
---------------+-------------------------------+-----
Axes           | 3 4 5 7 9 11 | 11.1
Dodging        | 2 |  2.0
Armour         | 3 4 5 6 |  6.0
Fighting       | 4 6 8 9 |  9.7

Action                   |  1- 3 |  4- 6 |  7- 9 | 10-12 || total
-------------------------+-------+-------+-------+-------++-------
Melee: Hand axe          |   103 |   138 |   193 |   183 ||   617
       War axe           |       |    28 |       |       ||    28
       Lance             |       |       |    46 |     1 ||    47
Invok: Berserk           |       |     3 |     7 |     1 ||    11
       Trog's Hand       |       |       |       |     1 ||     1
       Brothers in Arms  |       |       |       |     1 ||     1
Armor: Animal skin       |    56 |    54 |     6 |       ||   116
       Scale mail        |       |       |    35 |       ||    35
       Chain mail        |       |       |    74 |    71 ||   145
Dodge: Dodged            |   100 |   110 |    97 |    65 ||   372

Table legend: (Time is in decaauts)
 A = Elapsed time spent in this place.
 B = Non-inter-level travel time spent in this place.
 C = Inter-level travel time spent in this place.
 D = Time resting spent in this place.
 E = Time spent auto-exploring this place.
 F = Levels seen in this place.
 G = Mean time per level.
                   A        B        C        D        E       F      G
               +--------+--------+--------+--------+--------+-----+--------+
         Total |   7741 |   7583 |    158 |    172 |   6167 |   8 |  967.6 |
       Dungeon |   7741 |   7583 |    158 |    172 |   6167 |   8 |  967.6 |
               +--------+--------+--------+--------+--------+-----+--------+

Top non-repeatable levels by time:
     D:2: 1262 daAuts
     D:3: 1197 daAuts
     D:7: 1038 daAuts
     D:4: 923 daAuts
     D:6: 906 daAuts
     D:1: 883 daAuts
     D:8: 793 daAuts
     D:5: 734 daAuts
